 Dungeon Crawl Stone Soup version 0.18-a0-971-g0af6217 (webtiles) character file.

12040 4thArraOfDagon the Spear-Bearer (level 12, -2/86 HPs)
             Began as a Human Artificer on Jan 2, 2016.
             Was an Elder of Yredelemnul.
             Slain by a stone giant (23 damage)
             ... on level 1 of the Orcish Mines.
             The game lasted 00:37:50 (6054 turns).

4thArraOfDagon the Spear-Bearer (Human Artificer)   Turns: 6054, Time: 00:37:52

Health: -2/86      AC:  6    Str: 11    XL:     12   Next: 15%
Magic:  13/19      EV: 16    Int: 19    God:    Yredelemnul [****..]
Gold:   723        SH:  0    Dex: 15    Spells: 0 memorised, 11 levels left

rFire  + . .     SeeInvis .     x - +2 halberd (venom)
rCold  + . .     Gourm    .     U - troll hide
rNeg   . . .     Faith    .     (shield currently unavailable)
rPois  +         Spirit   .     j - +1 helmet
rElec  .         Dismiss  .     (no cloak)
rCorr  .         Reflect  .     (no gloves)
SustAt .         Harm     .     M - +0 pair of boots
MR     +....                    (no amulet)
Stlth  ++........               (no ring)
                                J - ring "Keaxkubi" {rPois rF+ rC+ MR+}

@: somewhat resistant to hostile enchantments, unstealthy
A: clever 1, sense surroundings 1, wild magic 1
a: Recall Undead Slaves, Injury Mirror, Animate Dead, Drain Life, Renounce
Religion


You were on level 1 of the Orcish Mines.
You worshipped Yredelemnul.
Yredelemnul was greatly pleased with you.
You were not hungry.

You visited 2 branches of the dungeon, and saw 14 of its levels.
You also visited: Ossuary and Bailey.

You collected 1014 gold pieces.
You spent 291 gold pieces at shops.

Inventory:

Hand Weapons
 a - a +0 short sword
 t - a +0 long sword
 x - a +2 halberd of venom (weapon)
 A - the +3 dagger of the Lost Demons {distort, +Fly rF+ rC+ MP+9 Dex-5}
   (You found it on level 8 of the Dungeon)

   It warps and distorts space around it.
   Unwielding it can cause banishment or high damage.
   It affects your dexterity (-5).
   It protects you from fire.
   It protects you from cold.
   It affects your magic capacity (+9).
   It lets you fly.
 I - a +0 blowgun
 R - a +0 blowgun
Missiles
 w - 6 throwing nets (quivered)
 H - 12 javelins
 S - 8 curare-tipped needles
Armour
 j - a +1 helmet (worn)
 m - the +1 ring mail "Doado" {rElec rPois rN++ MP-9}
   (You found it on level 4 of the Dungeon)

   It insulates you from electricity.
   It protects you from poison.
   It greatly protects you from negative energy.
   It affects your magic capacity (-9).
 M - a +0 pair of boots (worn)
 U - a troll hide (worn)
Jewellery
 J - the ring "Keaxkubi" (left hand) {rPois rF+ rC+ MR+}
   (You found it on level 9 of the Dungeon)

   [ring of protection from cold]

   It protects you from fire.
   It protects you from cold.
   It protects you from poison.
   It affects your resistance to hostile enchantments.
Wands
 c - a wand of flame (0/48)
 d - a wand of enslavement (4/24)
 e - a wand of random effects (9/48)
 r - a wand of random effects (15/48)
 s - a wand of paralysis (11/24)
 v - a wand of draining (0/15)
 y - a wand of cold (7/15)
 L - a wand of draining (0/15)
 O - a wand of frost (0/48)
 Q - a wand of frost (22/48)
 V - a wand of digging (8/24)
Scrolls
 k - 6 scrolls of blinking
 l - 4 scrolls of remove curse
 n - 2 scrolls of noise
 G - 2 scrolls of fog
 P - a scroll of magic mapping
Potions
 b - a potion of magic {unknown}
 g - a potion of heal wounds
 q - 2 potions of brilliance {unknown}
 z - a potion of flight {unknown}
 B - 3 potions of curing
 D - a potion of ambrosia
 E - 2 potions of haste
 F - 2 potions of resistance
 N - a potion of agility {unknown}
Books
 h - a book of Annihilations

   Spells                             Type                      Level
   a - Poison Arrow                   Conjuration/Poison           6
   b - Chain Lightning                Conjuration/Air              8
   c - Lehudib's Crystal Spear        Conjuration/Earth            8
   d - Glaciate                       Conjuration/Ice              9
   e - Fire Storm                     Conjuration/Fire             9
 p - a book of Flames

   Spells                             Type                      Level
   a - Flame Tongue                   Conjuration/Fire             1
   b - Throw Flame                    Conjuration/Fire             2
   c - Conjure Flame                  Conjuration/Fire             3
   d - Inner Flame                    Hexes/Fire                   3
   e - Sticky Flame                   Conjuration/Fire             4
   f - Fireball                       Conjuration/Fire             5
 K - a Grand Grimoire

   Spells                             Type                      Level
   a - Monstrous Menagerie            Summoning                    6
   b - Summon Greater Demon           Summoning                    7
   c - Malign Gateway                 Summoning/Translocation      7
   d - Summon Horrible Things         Summoning                    8
Miscellaneous
 T - a lantern of shadows
Comestibles
 f - 2 bread rations
 i - a meat ration
 u - 5 chunks of flesh


   Skills:
 - Level 5.3 Fighting
 - Level 1.0 Short Blades
 * Level 11.2 Polearms
 + Level 7.4 Armour
 + Level 7.6 Dodging
 - Level 1.0 Stealth
 + Level 9.8 Invocations
 - Level 3.0 Evocations


You had 11 spell levels left.
You didn't know any spells.

Dungeon Overview and Level Annotations

Branches:
Dungeon (12/15)            Temple (0/1) D:7            Lair (0/8) D:11
    Orc (2/2) D:11            Elf (0/3) Orc:2

Altars:
Dithmenos
Fedhas
Makhleb
Qazlal
Yredelemnul
Zin

Shops:
D:8 ?   Orc:2 !*}


Innate Abilities, Weirdness & Mutations

Your mind is acute. (Int +2)
You passively map a small area around you.
Your spells are a little harder to cast, but a little more powerful.


Message History

You throw a throwing net. The throwing net hits the stone giant.
The stone giant is too large for the net to hold!
The stone giant is lightly wounded.
The stone giant hits you!!
Unknown command.
You slash the stone giant!
The stone giant is lightly wounded.
The stone giant hits you!!
* * * LOW HITPOINT WARNING * * *
Unknown command.
You draw life from your surroundings.
You draw life from the orc warrior.
You kill the orc warrior!
Yredelemnul accepts your kill.
You draw life from the stone giant.
The stone giant is moderately wounded.
You feel life flooding into your body.
You feel somewhat more hungry. The stone giant hits you!!
You die...
Your body rises from the dead as a mindless zombie.

## #.# ##
*#.# #.# #.#
#.#* #.# #.#
##.# #.###@#
*#.#C##
*#o####
##.#§## *
##o§§# , # *
###o## * #.#
##.#§## ,
....*##..(..#
#....#.#o#.##
*##


You could see a stone giant and an orc warrior.

Vanquished Creatures
  Gastronok (D:11)
  2 ogre magi (Orc:2)
  Erica (D:9)
  Sonja (D:11)
  An iron golem (D:10)
  A hill giant (Orc:2)
  A cyclops (D:11)
  A centaur zombie (D:10)
  2 trolls (Orc:2)
  3 two-headed ogres
  A spriggan (D:7)
  A wyvern (D:9)
  2 hippogriffs
  A hungry ghost (D:8)
  4 vampire mosquitoes (D:11)
  A mottled dragon (D:11)
  2 wargs
  12 orc warriors
  An ice beast (D:10)
  7 ogres
  A centaur (D:10)
  A crocodile (D:10)
  2 giant frogs
  A water moccasin zombie (D:11)
  3 wights (D:11)
  2 electric eels (D:11)
  9 orc priests
  A giant frog zombie (D:5)
  2 hounds
  14 orc wizards
  A giant frog skeleton (D:6)
  6 worker ants
  A hound skeleton (D:4)
  3 mummies (Ossuary)
  9 adders
  An adder zombie (D:9)
  An adder skeleton (D:7)
  3 giant geckos
  50 orcs
  A giant cockroach (D:4)
  4 goblins
  3 hobgoblins
  5 jackals
  3 kobolds
  3 quokkas
  A ball python (D:1)
  A bat (D:3)
  3 hobgoblin zombies (Ossuary)
  A quokka skeleton (D:4)
  7 rats
189 creatures vanquished.

Vanquished Creatures (collateral kills)
  A two-headed ogre (Orc:2)
  Sigmund (D:7)
  2 mummies (Ossuary)
  An orc (D:6)
  A hobgoblin (D:3)
  A kobold (D:3)
  A quokka (D:4)
8 creatures vanquished.

Vanquished Creatures (others)
  A hill giant (Orc:2)
  A wight (Orc:2)
  A centaur zombie (Ossuary)
  An orc priest (D:6)
  A mummy (Ossuary)
5 creatures vanquished.

Grand Total: 202 creatures vanquished

Notes
Turn   | Place    | Note
--------------------------------------------------------------
     0 | D:1      | 4thArraOfDagon the Human Artificer began the quest for the Orb.
     0 | D:1      | Reached XP level 1. HP: 15/15 MP: 3/3
    22 | D:1      | jacquesderrida: wat
    37 | D:1      | jacquesderrida: it ain't no kentaro
    63 | D:1      | jacquesderrida: it humin
   110 | D:2      | jacquesderrida: he charlatan
   122 | D:2      | jacquesderrida: im postar
   137 | D:2      | Reached XP level 2. HP: 11/22 MP: 4/4
   213 | D:4      | 4thArraOfDagon: goin animel
   213 | D:4      | 4thArraOfDagon: goin humen centipede
   244 | D:5      | Entered Level 5 of the Dungeon
   276 | D:4      | Found a basalt altar of Yredelemnul.
   276 | D:4      | Noticed an ogre
   285 | D:4      | Got a warped ring mail
   300 | D:4      | Became a worshipper of Yredelemnul the Dark
   305 | D:4      | Killed an ogre
   305 | D:4      | Reached skill level 4 in Fighting
   305 | D:4      | Reached XP level 3. HP: 22/30 MP: 5/5
   305 | D:4      | Reached XP level 4. HP: 27/37 MP: 6/6
   331 | D:3      | jacquesderrida: armar
   352 | D:3      | Identified the cursed +1 ring mail "Doado" {rElec rPois rN++ MP-9} (You found it on level 4 of the Dungeon)
   353 | D:3      | jacquesderrida: demg
   353 | D:3      | jacquesderrida: supir
   405 | D:3      | Reached XP level 5. HP: 40/42 MP: 0/7
   612 | D:1      | 4thArraOfDagon: iso gut wepon
   850 | D:3      | Reached skill level 1 in Invocations
   927 | D:3      | Reached * piety under Yredelemnul
  1231 | D:4      | Reached XP level 6. HP: 24/50 MP: 0/8
  1397 | D:5      | Reached skill level 5 in Fighting
  1456 | D:5      | Noticed Sigmund
  1458 | D:5      | Found a stormy altar of Qazlal.
  1474 | D:5      | Found a blossoming altar of Fedhas.
  1499 | D:5      | Noticed a phantom
  1600 | D:5      | Found a burning altar of Makhleb.
  1850 | D:6      | Noticed an orc warrior
  1850 | D:6      | ok
  1858 | D:6      | Killed an orc warrior
  1858 | D:6      | Reached XP level 7. HP: 30/56 MP: 1/10
  1866 | D:6      | Reached skill level 1 in Polearms
  2008 | D:7      | Noticed a hippogriff
  2023 | D:7      | Killed Sigmund
  2053 | D:7      | Killed a hippogriff
  2053 | D:7      | Reached skill level 5 in Invocations
  2107 | D:7      | Found a staircase to the Ecumenical Temple.
  2142 | D:7      | Noticed a spriggan baker
  2155 | D:7      | Killed a spriggan baker
  2155 | D:7      | Reached XP level 8. HP: 28/62 MP: 1/12
  2181 | D:7      | Found a glowing silver altar of Zin.
  2214 | D:7      | Found a sand-covered staircase.
  2219 | Ossuary  | Entered an ossuary
  2416 | Ossuary  | Gained mutation: Your spells are a little harder to cast, but a little more powerful. [potion of mutation]
  2416 | Ossuary  | Gained mutation: Your mind is acute. (Int +2) [potion of mutation]
  2416 | Ossuary  | Gained mutation: You passively map a small area around you. [potion of mutation]
  2417 | Ossuary  | maphack mode=on
  2461 | D:8      | Got a smoking dagger
  2466 | D:8      | Identified the +3 dagger of the Lost Demons {distort, +Fly rF+ rC+ MP+9 Dex-5} (You found it on level 8 of the Dungeon)
  2557 | D:8      | Found Nucasoyk's Magic Scroll Boutique.
  2571 | D:8      | Reached skill level 5 in Polearms
  2571 | D:8      | Reached skill level 1 in Armour
  2576 | D:8      | Bought a scroll of noise for 11 gold pieces
  2576 | D:8      | Bought a scroll of identify for 22 gold pieces
  2576 | D:8      | Bought a scroll of identify for 22 gold pieces
  2576 | D:8      | Bought a scroll of blinking for 82 gold pieces
  2576 | D:8      | Bought 3 scrolls of fog for 66 gold pieces
  2721 | D:8      | Reached skill level 6 in Invocations
  2768 | D:8      | Reached ** piety under Yredelemnul
  2899 | D:9      | Noticed a two-headed ogre
  2904 | D:9      | Killed a two-headed ogre
  2904 | D:9      | Reached XP level 9. HP: 34/68 MP: 4/13
  3193 | D:9      | Found a flagged portal.
  3198 | D:9      | Got a sparkling pewter ring
  3212 | Bailey   | Entered a bailey
  3213 | Bailey   | uhh
  3216 | D:9      | Identified the ring "Keaxkubi" {rPois rF+ rC+ MR+} (You found it on level 9 of the Dungeon)
  3217 | D:9      | uhhh
  3217 | D:9      | 4thArraOfDagon: uhhh
  3227 | D:9      | Noticed Erica
  3400 | D:9      | Killed Erica
  3400 | D:9      | Reached skill level 7 in Polearms
  3530 | D:10     | Entered Level 10 of the Dungeon
  3743 | D:11     | Noticed a cyclops
  3754 | D:11     | Killed a cyclops
  3754 | D:11     | Reached XP level 10. HP: 74/74 MP: 6/15
  3759 | D:11     | Noticed an iron golem
  3759 | D:11     | Noticed an iron golem
  3759 | D:11     | Noticed an iron golem
  3759 | D:11     | Noticed an iron golem
  3806 | D:10     | Reached skill level 8 in Polearms
  3806 | D:10     | Reached skill level 5 in Dodging
  4038 | D:10     | Killed an iron golem
  4075 | D:11     | Found a shadowy altar of Dithmenos.
  4118 | D:11     | Noticed Gastronok
  4190 | D:11     | Killed Gastronok
  4190 | D:11     | Reached skill level 9 in Polearms
  4190 | D:11     | Reached skill level 5 in Armour
  4190 | D:11     | Reached XP level 11. HP: 33/80 MP: 6/17
  4376 | D:11     | Found a staircase to the Lair.
  4559 | D:11     | Noticed Sonja
  4567 | D:11     | Killed Sonja
  4567 | D:11     | Reached skill level 10 in Polearms
  4596 | D:12     | Noticed a hill giant
  4839 | D:11     | Found a staircase to the Orcish Mines.
  4858 | Orc:1    | Entered Level 1 of the Orcish Mines
  5044 | D:11     | Reached *** piety under Yredelemnul
  5258 | Orc:2    | Entered Level 2 of the Orcish Mines
  5554 | Orc:2    | Found a staircase to the Elven Halls.
  5752 | Orc:2    | Found Luci Omo's Quality Used Wands.
  5776 | Orc:2    | Bought a wand of digging (0/24) for 88 gold pieces
  5792 | Orc:2    | Found Ijothripp's General Store.
  5810 | Orc:2    | Found Onnavuny's Distillery.
  5810 | Orc:2    | Noticed a deep troll
  5810 | Orc:2    | Noticed a hill giant
  5810 | Orc:2    | Noticed a cyclops
  5810 | Orc:2    | Noticed a deep troll
  5810 | Orc:2    | Noticed an ogre mage
  5810 | Orc:2    | Noticed a hill giant
  5813 | Orc:2    | Noticed an ogre mage
  5813 | Orc:2    | Killed a hill giant
  5830 | Orc:2    | Killed an ogre mage
  5830 | Orc:2    | Received a gift from Yredelemnul
  5845 | Orc:2    | Killed an ogre mage
  5845 | Orc:2    | Reached skill level 11 in Polearms
  5845 | Orc:2    | Reached XP level 12. HP: 37/86 MP: 17/19
  5990 | Orc:1    | Reached **** piety under Yredelemnul
  6020 | Orc:1    | Noticed a stone giant
  6054 | Orc:1    | Slain by a stone giant

Vault maps used:
D:1:      lightli_arrival_boilingwater
D:3:      grunt_ministairs_10, eino_tiny_chamber
D:4:      yredelemnul_altar_generic, serial_shops, shop_statue,
          kennysheep_generic_room_15
D:5:      grunt_temple_overflow_forces_of_nature, makhleb_blood_cavern_becter,
          first_bread, uniq_sigmund
D:6:      lemuel_doored_altar, uniq_duvessa
D:7:      gammafunk_temple_overflow_statue, minmay_temple_entry_butterflies,
          enter_ossuary_2, the_bakery, uniq_crazy_yiuf_cottage
D:8:      serial_shops, shop
D:9:      vehumet_statue, enter_bailey_2, nrook_mini_backslash, uniq_erica
D:10:     enter_trove_6, bloody_trog, uniq_psyche
D:11:     cheibrodos_stairvault_heist, lair_0_dummy, erik_orc_2,
          nicolae_dithmenos_shadow_blocks, uniq_sonja, uniq_gastronok
Orc:2:    st_orc_open, nicolae_for_you_no_charge
Ossuary:  ossuary_the_hunt_dpeg
Bailey:   bailey_polearm_flooded_kennysheep, bailey

Action                   |  1- 3 |  4- 6 |  7- 9 | 10-12 || total
-------------------------+-------+-------+-------+-------++-------
Melee: Short sword       |    14 |   187 |       |       ||   201
       Mace              |     9 |       |       |       ||     9
       Long sword        |       |    11 |       |       ||    11
       Halberd           |       |       |   172 |   402 ||   574
Throw: Throwing net      |       |       |     1 |     3 ||     4
Invok: Animate Dead      |       |       |       |     1 ||     1
       Drain Life        |       |       |       |     1 ||     1
Evoke: Wand              |     6 |    18 |    19 |    32 ||    75
  Use: Scroll            |       |     9 |    15 |     8 ||    32
       Potion            |       |       |     1 |     5 ||     6
 Stab: Sleeping          |       |     2 |       |       ||     2
       Paralysed         |       |       |     6 |     8 ||    14
       Invisible         |       |       |       |     3 ||     3
       Held in net/web   |       |       |       |     2 ||     2
  Eat: Chunk             |       |     3 |    11 |     5 ||    19
       Meat ration       |       |       |       |     1 ||     1
